 Dungeon Crawl Stone Soup version 0.29.0-4-gdea44cf6ec (webtiles) character file.

Game seed: 2674783739043651674

289 qw the Covered (level 6, -4/35 HPs)
             Began as a Tengu Warper on Aug 28, 2022.
             Succumbed to an orc priest's poison
             ... on level 3 of the Dungeon.
             The game lasted 00:00:17 (3068 turns).

qw the Covered (Tengu Warper)                       Turns: 3068, Time: 00:00:18

Health: -4/35      AC: 12    Str: 14    XL:     6   Next: 31%
Magic:  10/10      EV:  5    Int: 13    God:
Gold:   75         SH:  0    Dex: 13    Spells: 9/9 levels left

rFire   . . .      SeeInvis .   Y - +1 hand axe
rCold   . . .      Faith    .   (no shield)
rNeg    . . .      Spirit   .   d - +0 plate armour
rPois   .          Reflect  .   (helmet restricted)
rElec   .          Harm     .   (no cloak)
rCorr   .          Rampage  .   (no gloves)
Will    .....                   (boots unavailable)
Stlth   ..........              (no amulet)
HPRegen 0.11/turn               (no ring)
MPRegen 0.12/turn               (no ring)

@: lethally poisoned (-4 -> -32), about to teleport, flying quickly and
evasively, quick
A: beak, talons 3, nimble flight
a: no special abilities


You were on level 3 of the Dungeon.
You visited 1 branch of the dungeon, and saw 3 of its levels.

You collected 75 gold pieces.


Innate Abilities, Weirdness & Mutations

You have a beak for a mouth.
You have claws for feet.
Your magical nature lets you fly swiftly and evasively.


   Skills:
 - Level 2.0 Fighting
 + Level 5.0 Axes
 - Level 1.0 Throwing
 - Level 5.0 Armour
 - Level 2.1 Dodging
 - Level 2.0 Spellcasting
 - Level 2.4 Translocations


You had 9 spell levels left.
You didn't know any spells.
Your spell library contained the following spells:

 Spells                   Type           Power      Damage    Failure   Level
 Blink                    Tloc           14%        N/A       100%        2
 Gell's Gravitas          Tloc           7%         N/A       100%        3
 Lesser Beckoning         Tloc           7%         N/A       100%        3
 Teleport Other           Tloc           7%         N/A       100%        3
 Manifold Assault         Tloc           7%         N/A       100%        5

Inventory:

Hand Weapons
 k - a +0 flail
 Y - a +1 hand axe (weapon)
Missiles
 c - 4 boomerangs (quivered)
Armour
 d - a +0 plate armour (worn)
Scrolls
 a - a scroll of teleportation
 b - a scroll of identify
Potions
 f - a potion of might {unknown}
 h - a potion of cancellation {unknown}
 i - a potion of mutation {unknown}
 j - a potion of haste {unknown}
 l - a potion of degeneration {unknown}

Dungeon Overview and Level Annotations

Branches:
Dungeon (3/15)

Altars:

Annotations:
D:3 Terence


Message History

The orc priest looks satisfied for a moment.
The orc hits you with a +0 club.
You hit the orc.
You kill the orc!
Found a crooked runed staff.
The orc priest hits you but does no damage.
You are poisoned.
You closely miss the orc priest.
You peck the orc priest, but do no damage.
You feel sick.
The orc priest hits you with a +2 trident of venom.
You are more poisoned.
You hit the orc priest but do no damage.
Your kick misses the orc priest.
You feel very sick.
The orc priest hits you but does no damage.
You hit the orc priest but do no damage.
Your kick misses the orc priest.
You feel sick.
The orc priest hits you but does no damage.
You are more poisoned.
You hit the orc priest.
The orc priest is lightly wounded.
You feel very sick.
The orc priest hits you but does no damage.
You are lethally poisoned!
You hit the orc priest but do no damage.
The orc priest is lightly wounded.
You feel very sick.
The orc priest hits you with a +2 trident of venom.
You are more poisoned.
You hit the orc priest. Your peck misses the orc priest.
The orc priest is moderately wounded.
You feel extremely sick.
The orc priest hits you with a +2 trident of venom.
You are more poisoned.
3068 ||| READING 2 scrolls of teleportation.
As you read the scroll of teleportation, it crumbles to dust.
You feel strangely unstable.
You die...

#.# #.# ...|..# #%#
#.#.#.# #.## #.#.#.#
#..# #####.#...# #####.#
#.........# ##.###.# #.#
#.#...#
#...##.###.###)..).###..
.............)..@o.:.'..
.[..##.###.##)#...####..
##.###.# #.##.##..# #.#
#.# #........# ... ..#
####.##### #..#####
#.##.## #+# ...#
#.#...## #.# #.##
#.(....## #.##
#.......######..##


You could see an orc priest.

Vanquished Creatures
  Sigmund (D:1)
  Robin (D:3)
  A gnoll (D:2)
  4 adders (D:2)
  A worm (D:2)
  2 dart slugs
  4 orcs (D:3)
  2 bats (D:1)
  2 endoplasms
  3 giant cockroaches (D:2)
  15 goblins
  6 hobgoblins
  3 quokkas
  5 ball pythons
  4 frilled lizards
  4 kobolds
  2 rats (D:2)
60 creatures vanquished.

Vanquished Creatures (others)
  A goblin (D:3)
1 creature vanquished.

Grand Total: 61 creatures vanquished

Notes
Turn   | Place    | Note
-------+----------+-------------------------------------------
     0 | D:1      | qw the Tengu Warper began the quest for the Orb.
     0 | D:1      | Reached XP level 1. HP: 12/12 MP: 4/4
     0 | D:1      | 0 ||| qw: Version: 0.1-a-89-g26bdef1
     0 | D:1      | 0 ||| qw: Game counter: 1907
     0 | D:1      | 0 ||| qw: Always use a shield: true
     0 | D:1      | 0 ||| qw: God list: Okawaru
     0 | D:1      | 0 ||| qw: Allow faded altars: false
     0 | D:1      | 0 ||| qw: Do Orc after D:15 true
     0 | D:1      | 0 ||| qw: Do second Lair branch before Depths: true
     0 | D:1      | 0 ||| qw: Lair rune preference: random
     0 | D:1      | 0 ||| qw: Plans: Normal
     0 | D:1      | 0 ||| PLANNING D:1-11
   159 | D:1      | Found a faded altar of an unknown god.
   295 | D:1      | 295 ||| Stepping ~*~*~tactically~*~*~ (stealth).
   301 | D:1      | HP: 3/12 [constriction (1)]
   306 | D:1      | Reached skill level 3 in Axes
   306 | D:1      | Reached XP level 2. HP: 4/17 MP: 6/6
   586 | D:1      | 586 ||| Stepping ~*~*~tactically~*~*~ (stealth).
   650 | D:1      | 650 ||| Stepping ~*~*~tactically~*~*~ (hiding).
  1435 | D:1      | 1435 ||| UPGRADING to +0 plate armour.
  1445 | D:1      | 1445 ||| DROPPING +0 leather armour.
  1446 | D:1      | 1446 ||| DROPPING +0 ring mail.
  1447 | D:1      | 1447 ||| READING scroll labelled URGHOSCH GIVUM.
  1448 | D:1      | 1448 ||| READING scroll labelled EQUEPNO MOAC.
  1451 | D:1      | 1451 ||| READING scroll labelled FULUHYNIZOA.
  1452 | D:1      | 1452 ||| DROPPING scroll of blinking.
  1471 | D:2      | Reached XP level 3. HP: 21/21 MP: 7/7
  1611 | D:2      | Noticed Sigmund
  1628 | D:2      | 1628 ||| STAIRDANCE
  1707 | D:1      | 1707 ||| READING scroll labelled WATHOP ERE QIU.
  1710 | D:2      | 1710 ||| STAIRDANCE
  1715 | D:1      | Killed Sigmund
  1716 | D:1      | Reached XP level 4. HP: 13/26 MP: 8/8
  1716 | D:1      | Gained mutation: Your magical nature lets you fly swiftly
                  | and evasively. [Tengu growth]
  1716 | D:1      | Reached XP level 5. HP: 15/30 MP: 9/9
  1935 | D:2      | 1935 ||| Stepping ~*~*~tactically~*~*~ (stealth).
  2176 | D:2      | 2176 ||| Stepping ~*~*~tactically~*~*~ (stealth).
  2179 | D:2      | Reached XP level 6. HP: 32/35 MP: 10/10
  2233 | D:2      | 2233 ||| Stepping ~*~*~tactically~*~*~ (hiding).
  2243 | D:2      | 2243 ||| DROPPING +0 mace.
  2354 | D:2      | 2354 ||| READING 2 scrolls labelled AKKIASACHI.
  2355 | D:2      | 2355 ||| READING scroll labelled USTRIC CAOBALO.
  2356 | D:2      | 2356 ||| DROPPING scroll of fear.
  2402 | D:3      | 2402 ||| Stepping ~*~*~tactically~*~*~ (stealth).
  2464 | D:3      | Noticed Robin
  2481 | D:3      | Killed Robin
  2641 | D:3      | Noticed Terence
  2666 | D:3      | HP: 3/35 [Terence/+0 hand axe (6)]
  2667 | D:3      | 2667 ||| READING 3 scrolls of teleportation.
  2669 | D:3      | HP: 1/35 [Terence/+0 hand axe (1)]
  3018 | D:3      | 3018 ||| Stepping ~*~*~tactically~*~*~ (stealth).
  3019 | D:3      | 3019 ||| Stepping ~*~*~tactically~*~*~ (stealth).
  3038 | D:3      | 3038 ||| Stepping ~*~*~tactically~*~*~ (stealth).
  3039 | D:3      | 3039 ||| Stepping ~*~*~tactically~*~*~ (stealth).
  3067 | D:3      | HP: 5/35 [poisoned by an orc priest]
  3067 | D:3      | HP: 2/35 [orc priest/+2 trident of venom (3)]
  3068 | D:3      | 3068 ||| READING 2 scrolls of teleportation.
  3068 | D:3      | Succumbed to an orc priest's poison

Levels and vault maps discovered:
D:1:      lemuel_arrival_funnel, layout_basic, chequers_ecumenical_altar_simple,
          dk_noncrumbling_3
D:2:      minmay_razor_zed, layout_rooms, uniq_sigmund
D:3:      layout_loops_corners, uniq_robin, uniq_terence

Skill      XL: |  1  2  3  4  5  6 |
---------------+-------------------+-----
Axes           | 3 4 5 |  5.0
Armour         | 5 |  5.0
Fighting       | |  2.0
Throwing       | |  1.0
Dodging        | |  2.1
Spellcasting   | |  2.0
Translocations | |  2.4

Action                   |  1- 3 |  4- 6 || total
-------------------------+-------+-------++-------
Melee: Hand axe          |    67 |    89 ||   156
       Kick              |    13 |    25 ||    38
       Peck              |    12 |    16 ||    28
       Punch             |     1 |       ||     1
Throw: Boomerang         |     7 |    32 ||    39
  Use: Scroll            |     4 |     4 ||     8
Armor: Leather armour    |     7 |       ||     7
       Plate armour      |    14 |    57 ||    71
Dodge: Dodged            |    23 |    13 ||    36

Table legend:
 A = Non-vault XP
 B = Vault XP
 C = Vault XP percentage of total XP
 D = Non-vault monster count
 E = Vault monster count
 F = Vault count percentage of total count
                 A         B        C        D         E       F
            +---------+---------+-------+---------+---------+-------
      Total |      97 |     317 |  76.6 |      33 |      27 |  45.0
            +---------+---------+-------+---------+---------+-------
        D:1 |      26 |     231 |  89.9 |      15 |       1 |   6.2
        D:2 |      53 |      49 |  48.0 |      10 |      14 |  58.3
        D:3 |      18 |      37 |  67.3 |       8 |      12 |  60.0
            +---------+---------+-------+---------+---------+-------
